[Event "Team 45 45 League T38"]
[Site "Internet Chess Club"]
[Date "2008.08.10"]
[Round "3"]
[White "Tjet"]
[Black "jazzyrick"]
[Result "1-0"]
[WhiteElo "1608"]
[BlackElo "1476"]
[Opening "English, 1...Nf6 (Anglo-Indian defense)"]
[ECO "A15"]
[Time "16:03:28"]
[TimeControl "2700+45"]

1. c4 Nf6 2. g3 e6 3. Bg2 c5 4. b3 Be7 5. Bb2 d5 6. cxd5 exd5 7. Nf3 O-O 8. O-O
Nc6 9. d4 b6 10. dxc5 bxc5 11. Nbd2 a5 12. h3 h6 13. Kh2 Bf5 14. Rc1 Qb6 15. Nh4
Be6 16. e3 a4 17. Nhf3 axb3 18. axb3 Nb4 19. Ra1 Bf5 20. Rxa8 Rxa8 21. Ne1 Ra2
22. Bxf6 Bxf6 23. e4 dxe4 24. Nxe4 Bd4 25. Nd3 Nxd3 26. Qxd3 Rxf2 27. Rxf2 Bxf2
28. Qd5 Be6 29. Qa8+ Kh7 30. Nxf2 Qxb3 31. Qe4+ g6 32. Qe1 c4 33. Ne4 Qb2 34.
Nc3 Kg8 35. h4 Kf8 36. Qe3 h5 37. Qh6+ Ke7 38. Qe3 Kd7 39. Qe5 Qc2 40. Qd4+ Ke7
41. Qe5 Kd7 42. Qb5+ Kd8 43. Qe5 Kd7 44. Qd4+ Ke7 45. Nd5+ Kf8 46. Qh8# {Black
checkmated} 1-0

[Event "Team 45 45 League T38"]
[Site "Internet Chess Club"]
[Date "2008.08.09"]
[Round "3"]
[White "Conjurer"]
[Black "BarryNL"]
[Result "0-1"]
[WhiteElo "1306"]
[BlackElo "1531"]
[Opening "Sicilian: dragon, 6.Be3"]
[ECO "B72"]
[Time "12:07:37"]
[TimeControl "2700+45"]

1. e4 c5 2. Nf3 d6 3. d4 cxd4 4. Nxd4 Nf6 5. Nc3 g6 6. Be3 Bg7 7. Bc4 O-O 8. Qd2
e5 9. Ndb5 a6 10. Nxd6 Ne8 11. O-O-O Nxd6 12. Qxd6 Qxd6 13. Rxd6 Nc6 14. h4 Rd8
15. Rxd8+ Nxd8 16. Rd1 Be6 17. Bb3 Bxb3 18. axb3 Bf6 19. Bg5 Bxg5+ 20. hxg5 Ne6
21. Rd7 b5 22. Re7 Kf8 23. Nd5 Rd8 24. g3 Rxd5 25. exd5 Kxe7 26. dxe6 Kxe6 27.
Kd2 Kf5 28. Ke3 Kxg5 29. f3 f5 30. c4 Kf6 31. c5 Ke6 32. b4 Kd5 33. Kd3 e4+ 34.
fxe4+ fxe4+ 35. Ke3 g5 36. g4 h6 37. b3 Ke5 38. c6 Kd6 39. Kxe4 Kxc6 40. Ke5 Kd7
41. Kd5 Ke7 42. Ke5 Kf7 43. Kf5 Kg7 44. Ke5 Kg6 45. Ke4 h5 46. gxh5+ Kxh5 47.
Kf3 Kh4 48. Kg2 Kg4 49. Kf2 Kh3 50. Kg1 Kg3 51. Kh1 Kf2 52. Kh2 g4 53. Kh1 a5
54. bxa5 g3 55. a6 g2+ 56. Kh2 g1=Q+ 57. Kh3 Qg3# {White checkmated} 0-1

[Event "Team 45 45 League T38"]
[Site "Internet Chess Club"]
[Date "2008.08.08"]
[Round "3"]
[White "forsyth"]
[Black "Just-Jim"]
[Result "0-1"]
[WhiteElo "1401"]
[BlackElo "1485"]
[Opening "Danish gambit"]
[ECO "C21"]
[Time "18:51:08"]
[TimeControl "2700+45"]

1. e4 e5 2. d4 exd4 3. c3 dxc3 4. Bc4 cxb2 5. Bxb2 d6 6. Nc3 Nf6 7. Nf3 Bg4 8.
O-O h6 9. Re1 Nbd7 10. Nd5 Nxd5 11. Qxd5 Be6 12. Qd3 Nc5 13. Qc2 Bxc4 14. Qxc4
Qd7 15. Rab1 O-O-O 16. Bd4 Kb8 17. Re2 Qe6 18. Qb5 b6 19. Qc6 Qc4 20. Reb2 Qa6
21. Rc1 Qb7 22. Qb5 Nxe4 23. a4 c5 24. Be3 Be7 25. a5 Bf6 26. Rb3 Rhe8 27. axb6
Qxb6 28. Qxb6+ axb6 29. Rxb6+ Kc7 30. Ra6 Nc3 31. Kf1 Kb7 32. Ra3 Nd5 33. Rb1+
Kc6 34. Ra6+ Kd7 35. Ra7+ Ke6 36. Bc1 Rb8 37. Rba1 Bxa1 38. Rxa1 Nc3 39. Ra3 Nd5
40. Nd2 Kf6 41. Rf3+ Kg6 42. Rg3+ Kh7 43. Rf3 Nb4 44. g3 Nc2 45. Rxf7 Re1+
{White resigns} 0-1

[Event "Team 45 45 League T38"]
[Site "Internet Chess Club"]
[Date "2008.08.11"]
[Round "3"]
[White "Traho"]
[Black "reverendjim"]
[Result "1-0"]
[WhiteElo "1244"]
[BlackElo "1174"]
[Opening "Réti: King's Indian attack (Barcza system)"]
[ECO "A07"]
[Time "19:03:25"]
[TimeControl "2700+45"]

1. Nf3 d5 2. g3 c6 3. Bg2 Nf6 4. O-O Bf5 5. d3 e6 6. Nbd2 h6 7. Re1 Be7 8. b3
O-O 9. Bb2 Bh7 10. a3 a5 11. c4 Na6 12. e4 dxe4 13. dxe4 Nd7 14. Nd4 e5 15. Nf5
Bxf5 16. exf5 f6 17. Ne4 Ndc5 18. Qxd8 Raxd8 19. Nxc5 Bxc5 20. Rad1 Bb6 21. Bf3
Rfe8 22. Bc3 Bc7 23. b4 Rxd1 24. Rxd1 Rd8 25. Rxd8+ Bxd8 26. bxa5 Nc5 27. Bb4
Na6 28. Bd6 Bxa5 29. Be2 Bc7 30. c5 Bxd6 31. cxd6 Nc5 32. Bc4+ Kf8 33. Be6 Ke8
34. Kf1 Kd8 35. Ke2 Ne4 36. d7 c5 37. Ke3 Nd6 38. Kd3 b5 39. f3 b4 40. axb4 cxb4
41. Kc2 e4 42. fxe4 Nxe4 43. Kb3 Nc5+ 44. Kxb4 Nxd7 45. Bxd7 Kxd7 46. Kc4 Ke8
47. Kd4 Kf7 48. Ke4 h5 49. Kf3 g5 50. fxg6+ Kxg6 51. h4 f5 52. Kf4 Kf6 53. Kf3
Ke5 54. Ke3 Kf6 55. Kf4 Ke6 56. Kg5 Ke5 57. Kxh5 f4 58. gxf4+ Kxf4 59. Kg6 Kg4
60. h5 {Black resigns} 1-0

[Event "Team 45 45 League T38"]
[Site "Internet Chess Club"]
[Date "2008.08.12"]
[Round "3"]
[White "ErycC"]
[Black "albacore"]
[Result "1-0"]
[WhiteElo "1480"]
[BlackElo "1417"]
[Opening "Bird's opening: Lasker variation"]
[ECO "A03"]
[Time "19:05:44"]
[TimeControl "2700+45"]

1. f4 d5 2. Nf3 Nf6 3. e3 c5 4. b3 Nc6 5. Bb5 Bd7 6. Bxc6 Bxc6 7. Bb2 e6 8. Ne5
Bb5 9. Nc3 Ba6 10. Ne2 Bd6 11. Ng3 O-O 12. Nh5 d4 13. Nxf6+ Qxf6 14. Nd7 Qh4+
15. g3 Qh3 16. Qf3 Rfd8 17. Ne5 f6 18. Nc4 Bc7 19. exd4 cxd4 20. d3 b5 21. Nd2
Rab8 22. Qf1 Qf5 23. O-O-O Bb7 24. Rg1 a5 25. Re1 Rbc8 26. Qe2 e5 27. fxe5 Bxe5
28. Rgf1 Qd7 29. Kb1 Qc7 30. Rc1 a4 31. bxa4 bxa4 32. Nc4 Bd6 33. Qe6+ Kh8 34.
Bxd4 Bg2 35. Rf2 Qb7+ 36. Ka1 Bc5 37. Bxc5 Rxc5 38. Qb6 Qd5 39. Rxg2 Qd4+ 40. c3
Qd5 41. Rb2 Rc6 42. Qd4 Qxd4 43. cxd4 Rxd4 44. Rb8+ {Black resigns} 1-0

[Event "Team 45 45 League T38"]
[Site "Internet Chess Club"]
[Date "2008.08.10"]
[Round "3"]
[White "Glassywoman"]
[Black "EyeAm"]
[Result "1-0"]
[WhiteElo "1474"]
[BlackElo "1450"]
[Opening "Two knights defense (Modern bishop's opening)"]
[ECO "C24"]
[Time "17:58:38"]
[TimeControl "2700+45"]

1. e4 e5 2. Bc4 Nf6 3. d3 Nc6 4. Nf3 d5 5. exd5 Nxd5 6. Ng5 f6 7. Ne4 Be7 8.
Qh5+ g6 9. Qf3 Nd4 10. Qd1 b5 11. Bxd5 Qxd5 12. c3 Ne6 13. Qf3 Bb7 14. Nxf6+
Bxf6 15. Qxf6 Rf8 16. Qh4 Qxg2 17. Rf1 h5 18. Be3 Rd8 19. Qb4 a6 20. a4 Qd5 21.
Nd2 Qxd3 22. O-O-O Qd6 23. Qb3 bxa4 24. Qxa4+ Qc6 25. Qc2 Kf7 26. Rg1 Ng7 27.
Qb3+ Ke8 28. Rde1 Rd7 29. Nc4 Qb5 30. Qxb5 axb5 31. Nxe5 Rd5 32. Nxg6 Rg8 33.
Bd4+ {Black forfeits on time} 1-0

[Event "Team 45 45 League T38"]
[Site "Internet Chess Club"]
[Date "2008.08.10"]
[Round "3"]
[White "wekabird"]
[Black "ticopatzer"]
[Result "1/2-1/2"]
[WhiteElo "1280"]
[BlackElo "1425"]
[Opening "English opening"]
[ECO "A22"]
[Time "18:04:34"]
[TimeControl "2700+45"]

1. c4 e5 2. Nc3 Nf6 3. d3 Bb4 4. Nf3 Nc6 5. Bd2 O-O 6. a3 Bxc3 7. bxc3 e4 8. Nd4
Nxd4 9. cxd4 exd3 10. exd3 Re8+ 11. Be2 d5 12. Be3 Bf5 13. O-O Qd7 14. c5 Bg4
15. Bxg4 Nxg4 16. Re1 Qf5 17. Qd2 Re6 18. f3 Nxe3 19. Rxe3 Rae8 20. Rxe6 Rxe6
21. Rb1 b6 22. cxb6 axb6 23. Qc3 Re7 24. a4 Qd7 25. Qb4 h6 26. a5 bxa5 27. Qxa5
Qc6 28. Qc5 Qxc5 29. dxc5 c6 30. d4 Kf8 31. Kf2 Ke8 32. Re1 Kd7 33. Rxe7+ Kxe7
34. Kg3 g5 35. h4 f5 36. hxg5 hxg5 37. f4 Kf6 38. fxg5+ Kxg5 39. Kf3 f4 40. g4
fxg3 41. Kxg3 Kf5 42. Kf3 Ke6 43. Kf4 Kf6 44. Kg4 Kg6 45. Kf4 Kf6 {Game drawn by
mutual agreement} 1/2-1/2

[Event "Team 45 45 League T38"]
[Site "Internet Chess Club"]
[Date "2008.08.09"]
[Round "3"]
[White "rgadoury"]
[Black "WilmaP"]
[Result "1-0"]
[WhiteElo "1260"]
[BlackElo "1034"]
[Opening "Queen's pawn game"]
[ECO "D00"]
[Time "16:03:44"]
[TimeControl "2700+45"]

1. d4 d5 2. g3 e6 3. Bg2 c6 4. Nd2 Nf6 5. e4 Nbd7 6. e5 Ng4 7. Ngf3 f6 8. h3 Nh6
9. O-O Nf7 10. Re1 Qe7 11. a3 c5 12. exf6 Nxf6 13. Ne5 Qc7 14. c4 Bd6 15. Nxf7
Qxf7 16. cxd5 O-O 17. Rf1 exd5 18. Nf3 b6 19. Ne5 Qb7 20. Bf4 Re8 21. Qd2 c4 22.
Nxc4 Bxf4 23. Qxf4 Ne4 24. Ne5 Rf8 25. Qe3 Be6 26. Bxe4 dxe4 27. g4 Rac8 28.
Rac1 b5 29. Rxc8 Rxc8 30. Rc1 Rf8 31. b4 Qd5 32. Rc6 Rf6 33. Rc5 Qa2 34. Rxb5
Qb1+ 35. Kg2 Qa2 36. Rb8+ Rf8 37. Rxf8+ Kxf8 38. Qf4+ Kg8 39. Qe3 Qd5 40. Kg3 h5
41. gxh5 Bf5 42. Kf4 Qe6 43. f3 exf3 44. Nxf3 Qf7 45. Ng5 Qf6 46. Qe8+ Qf8 47.
Qxf8+ Kxf8 48. Kxf5 Ke8 49. Kg6 Kf8 50. d5 Ke8 51. Kxg7 Kd7 52. h6 Kd6 53. h7
{Black resigns} 1-0

[Event "Team 45 45 League T38"]
[Site "Internet Chess Club"]
[Date "2008.08.11"]
[Round "3"]
[White "viking99"]
[Black "Klampin"]
[Result "0-1"]
[WhiteElo "1789"]
[BlackElo "1997"]
[Opening "Caro-Kann: advance variation"]
[ECO "B12"]
[Time "14:01:45"]
[TimeControl "2700+45"]

1. e4 c6 2. d4 d5 3. e5 Bf5 4. Nf3 e6 5. Be2 Nd7 6. O-O Ne7 7. Nh4 Bg6 8. Nd2 c5
9. c3 Nc6 10. Nxg6 hxg6 11. Nf3 Be7 12. Bd2 cxd4 13. cxd4 Qb6 14. Qa4 Rc8 15.
Rab1 a6 16. b4 Nxd4 17. Nxd4 Qxd4 18. Be3 Qxe5 19. b5 Qxh2# {White checkmated}
0-1

[Event "Team 45 45 League T38"]
[Site "Internet Chess Club"]
[Date "2008.08.12"]
[Round "3"]
[White "superbeast"]
[Black "mickeys"]
[Result "1-0"]
[WhiteElo "1820"]
[BlackElo "1863"]
[Opening "English opening"]
[ECO "A13"]
[Time "19:00:11"]
[TimeControl "2700+45"]

1. c4 e6 2. g3 d5 3. Bg2 Nf6 4. Nf3 Nc6 5. O-O Be7 6. d4 O-O 7. cxd5 exd5 8. Nc3
Ne4 9. Qb3 Nxc3 10. bxc3 Na5 11. Qc2 c6 12. e4 Be6 13. Ne5 f6 14. Nd3 Bf7 15.
Rb1 Re8 16. Re1 Bf8 17. Bf4 Qd7 18. e5 Nc4 19. Qd1 fxe5 20. Nxe5 Nxe5 21. Bxe5
Bg6 22. Rb2 b5 23. a4 a6 24. f4 Be7 25. Bf3 Bd8 26. Bg4 Bf5 27. Bxf5 Qxf5 28. g4
Qf7 29. Qd3 Be7 30. Qg3 Bd8 31. Ra1 Ra7 32. Rba2 Bb6 33. f5 bxa4 34. Rxa4 a5 35.
Rf1 Bd8 36. Ra2 Rf8 37. g5 Qh5 38. f6 Raf7 39. Rg2 Qg6 40. Qf4 Qd3 41. Rg3 Qg6
42. Qf3 Bc7 43. c4 Rd8 44. cxd5 Rxd5 45. Qf4 Bb6 46. Kh1 Qh5 47. Rc3 Rd8 48.
Rxc6 Ba7 49. Rc7 Rxc7 50. Bxc7 Rxd4 51. f7+ {Black resigns} 1-0

[Event "Team 45 45 League T38"]
[Site "Internet Chess Club"]
[Date "2008.08.09"]
[Round "3"]
[White "b-spot"]
[Black "vaknight"]
[Result "0-1"]
[WhiteElo "1714"]
[BlackElo "1584"]
[Opening "Dutch defense"]
[ECO "A92"]
[Time "10:00:22"]
[TimeControl "2700+45"]

1. d4 f5 2. c4 Nf6 3. g3 e6 4. Bg2 Be7 5. Nf3 O-O 6. O-O c6 7. Nbd2 d5 8. Qc2
Qe8 9. Ne5 Qh5 10. Ndf3 Ne4 11. b3 Nd7 12. Nd3 g5 13. a4 Rf6 14. Ba3 Bd8 15. h3
g4 16. Nf4 Qh6 17. Ne5 gxh3 18. Bxh3 Nxe5 19. dxe5 Rf7 20. Kg2 Rg7 21. e3 Bd7
22. Rh1 Qg5 23. Kf1 Bb6 24. Bg2 Nxg3+ 25. fxg3 Bxe3 26. Nh5 Rg6 27. Nf6+ Rxf6
28. exf6 Qxf6 29. Ke2 d4 30. Rh3 e5 31. Rah1 e4 32. Bxe4 fxe4 33. Qb2 Bg4+ 34.
Ke1 Qf3 {White resigns} 0-1

[Event "Team 45 45 League T38"]
[Site "Internet Chess Club"]
[Date "2008.08.12"]
[Round "3"]
[White "NXS"]
[Black "cityprosecutor"]
[Result "0-1"]
[WhiteElo "1411"]
[BlackElo "1765"]
[Opening "King's Indian: Torre attack"]
[ECO "A48"]
[Time "18:01:37"]
[TimeControl "2700+45"]

1. d4 Nf6 2. Nf3 g6 3. Bg5 Bg7 4. Nbd2 c5 5. e3 Qa5 6. c3 cxd4 7. cxd4 Ne4 8.
Bf4 Nc6 9. a3 Nxd2 10. Nxd2 d5 11. b4 Qb6 12. b5 Nd8 13. Rc1 Ne6 14. Bg3 Bd7 15.
Qb3 Qa5 16. Bd3 Rd8 17. Qb2 a6 18. bxa6 bxa6 19. O-O O-O 20. Nb3 Qb6 21. Rc2 Rc8
22. Rfc1 Rxc2 23. Rxc2 Ba4 24. Rc3 Nxd4 25. exd4 Bxd4 26. Bc2 e5 27. h3 f6 28.
Bd1 Rb8 29. Qc2 Bxc3 30. Qxc3 Bxb3 31. Bg4 Bc4 32. Bxe5 fxe5 33. Qxe5 d4 34. Bd7
Rd8 35. Qe7 d3 36. Qe4 Bf7 37. Qxd3 Qc7 38. Qxa6 Qxd7 39. a4 Qd1+ 40. Kh2 Qd6+
41. Qxd6 Rxd6 {White resigns} 0-1

[Event "Team 45 45 League T38"]
[Site "Internet Chess Club"]
[Date "2008.08.06"]
[Round "3"]
[White "Sleete"]
[Black "fledermaus"]
[Result "1/2-1/2"]
[WhiteElo "2105"]
[BlackElo "2056"]
[Opening "Sicilian: modern Scheveningen, main line"]
[ECO "B83"]
[Time "18:14:23"]
[TimeControl "2700+45"]

1. e4 c5 2. Nf3 e6 3. d4 cxd4 4. Nxd4 Nf6 5. Nc3 d6 6. Be2 Be7 7. f4 O-O 8. O-O
Nc6 9. Be3 Bd7 10. a4 Nxd4 11. Qxd4 Bc6 12. b4 b6 13. a5 e5 14. Qd3 exf4 15.
Rxf4 Nd7 16. b5 Ne5 17. Qd2 Bb7 18. a6 Bc8 19. Rff1 Be6 20. Ra4 Rc8 21. Nd5 Bxd5
22. exd5 Qc7 23. c4 f5 24. Kh1 Qd7 25. Rb4 Bf6 26. Bg1 Rc7 27. Qf4 g6 28. Re1
Nf7 29. Rbb1 Bc3 30. Rec1 Be5 31. Qd2 Kg7 32. Bf2 Bf6 33. Be3 Re8 34. Re1 Qc8
35. Bf1 Rce7 36. Rbd1 Qd7 37. Bf4 Bg5 38. Qb2+ Kg8 39. Bg3 Rxe1 40. Rxe1 Rxe1
41. Bxe1 Bf4 42. Bf2 Be5 43. Qa3 Qd8 44. Qe3 Kg7 45. Be2 Qd7 {Game drawn by
mutual agreement} 1/2-1/2

[Event "Team 45 45 League T38"]
[Site "Internet Chess Club"]
[Date "2008.08.10"]
[Round "3"]
[White "mfeatherston"]
[Black "AntonioMendonca"]
[Result "1-0"]
[WhiteElo "1832"]
[BlackElo "1709"]
[Opening "Sicilian: Grand Prix attack"]
[ECO "B23"]
[Time "18:00:23"]
[TimeControl "2700+45"]

1. e4 c5 2. Nc3 Nc6 3. f4 g6 4. Nf3 Bg7 5. Bb5 Nd4 6. O-O Nxb5 7. Nxb5 d6 8. d3
Nf6 9. Nc3 O-O 10. Qe1 a6 11. Qh4 b5 12. f5 gxf5 13. Bh6 fxe4 14. Ng5 e5 15.
Bxg7 Kxg7 16. Rxf6 Kxf6 17. Rf1+ Bf5 18. Nd5+ Kg6 19. Qxh7+ Kxg5 20. Rxf5+
{Black resigns} 1-0

[Event "Team 45 45 League T38"]
[Site "Internet Chess Club"]
[Date "2008.08.09"]
[Round "3"]
[White "allanchs"]
[Black "bmw2002"]
[Result "1-0"]
[WhiteElo "1553"]
[BlackElo "1574"]
[Opening "French: Tarrasch, open, 4.ed ed"]
[ECO "C08"]
[Time "06:25:45"]
[TimeControl "2700+45"]

1. e4 e6 2. d4 d5 3. Nd2 c5 4. exd5 exd5 5. Ngf3 Nf6 6. Bb5+ Bd7 7. Qe2+ Qe7 8.
O-O Qxe2 9. Bxe2 Bd6 10. dxc5 Bxc5 11. Nb3 Be7 12. Be3 b6 13. Rad1 Nc6 14. a3
O-O 15. Nbd4 Rfd8 16. Ba6 Nb8 17. Bb7 Bc5 18. Bxa8 Bg4 19. Nc6 Nxc6 20. Bxc6 Rd6
21. Ba4 Ne4 22. Bxc5 bxc5 23. Bb3 c4 24. Ba2 c3 25. Rxd5 Rxd5 26. Bxd5 Nd2 27.
Nxd2 cxd2 28. Bf3 Bf5 29. Rd1 {Black resigns} 1-0

[Event "Team 45 45 League T38"]
[Site "Internet Chess Club"]
[Date "2008.08.09"]
[Round "3"]
[White "sra66"]
[Black "Rhel"]
[Result "1-0"]
[WhiteElo "1589"]
[BlackElo "1487"]
[Opening "QGD: Orthodox defense, Botvinnik variation"]
[ECO "D60"]
[Time "20:06:24"]
[TimeControl "2700+45"]

1. d4 Nf6 2. c4 e6 3. Nc3 d5 4. Bg5 Be7 5. e3 O-O 6. Nf3 Nbd7 7. Bd3 h6 8. Bh4
b6 9. O-O Bb7 10. Rc1 c5 11. cxd5 Nxd5 12. Bxe7 Qxe7 13. e4 Nxc3 14. bxc3 cxd4
15. cxd4 Nf6 16. e5 Nd5 17. Qd2 Rac8 18. Rxc8 Rxc8 19. Rc1 Rxc1+ 20. Qxc1 Qb4
21. h3 Ne7 22. Qc7 g5 23. Qxb7 {Black resigns} 1-0

[Event "Team 45 45 League T38"]
[Site "Internet Chess Club"]
[Date "2008.08.08"]
[Round "3"]
[White "nissehult"]
[Black "frothyjowels"]
[Result "0-1"]
[WhiteElo "2021"]
[BlackElo "2247"]
[Opening "QGD: Cambridge Springs defense, Capablanca variation"]
[ECO "D52"]
[Time "13:00:05"]
[TimeControl "2700+45"]

1. d4 d5 2. c4 e6 3. Nc3 Nf6 4. Nf3 c6 5. Bg5 Nbd7 6. e3 Qa5 7. Bxf6 Nxf6 8. a3
Be7 9. b4 Qc7 10. Bd3 dxc4 11. Bxc4 O-O 12. O-O a5 13. Qb3 Nd5 14. Nxd5 exd5 15.
Bd3 axb4 16. axb4 Bg4 17. Ne5 Be6 18. f4 f6 19. Nf3 Qb6 20. Rab1 f5 21. Rfc1 Qa7
22. b5 c5 23. b6 Qa5 24. dxc5 Bxc5 25. Nd4 Bxd4 26. exd4 Qd2 27. Re1 Bf7 28. g3
Rfe8 29. Kf1 Ra2 30. Rxe8+ Bxe8 31. Qxd5+ Kh8 32. Qf3 Bh5 33. g4 Bxg4 34. Qg3 g5
{White resigns} 0-1

[Event "Team 45 45 League T38"]
[Site "Internet Chess Club"]
[Date "2008.08.17"]
[Round "3"]
[White "frankjoshua"]
[Black "Boromir"]
[Result "0-1"]
[WhiteElo "1959"]
[BlackElo "1999"]
[Opening "Caro-Kann defense"]
[ECO "B10"]
[Time "11:00:43"]
[TimeControl "2700+45"]

1. e4 c6 2. g3 d5 3. exd5 cxd5 4. Bg2 Nf6 5. Nf3 Nc6 6. O-O Bg4 7. c3 e6 8. d4
Bd6 9. Bg5 O-O 10. Nbd2 h6 11. Bxf6 Qxf6 12. Re1 b5 13. Nf1 a5 14. Qd3 Rfb8 15.
N1d2 Ra7 16. Re3 Rc7 17. Rae1 b4 18. c4 Bf5 19. Qe2 Nxd4 20. Nxd4 Qxd4 21. cxd5
Rc2 22. dxe6 Bxe6 23. Rxe6 fxe6 24. Qxe6+ Kh8 25. Re2 Rxd2 26. Rxd2 Qxd2 27. Be4
Rf8 {White resigns} 0-1

[Event "Team 45 45 League T38"]
[Site "Internet Chess Club"]
[Date "2008.08.11"]
[Round "3"]
[White "primerpaso"]
[Black "RayKinStL"]
[Result "1/2-1/2"]
[WhiteElo "1901"]
[BlackElo "1781"]
[Opening "English: Bremen system, Keres variation"]
[ECO "A23"]
[Time "20:00:19"]
[TimeControl "2700+45"]

1. c4 e5 2. Nc3 Nf6 3. g3 c6 4. d4 exd4 5. Qxd4 d5 6. Bg2 dxc4 7. Qxc4 Be6 8.
Qa4 Nbd7 9. Nf3 Be7 10. O-O O-O 11. Rd1 Qb6 12. Qc2 Rad8 13. Be3 Qa5 14. Nd4 Ng4
15. Bf4 Qh5 16. h3 Nge5 17. Nxe6 fxe6 18. Qe4 Qf5 19. Qxf5 exf5 20. b3 g5 21.
Be3 a6 22. f4 Nf7 23. Rd2 Nf6 24. fxg5 Nh5 25. h4 Nxg3 26. Rxd8 Rxd8 27. Kf2 Nh5
28. Bf3 Ng7 29. Rd1 Rxd1 30. Nxd1 Ne6 {Game drawn by mutual agreement} 1/2-1/2

[Event "Team 45 45 League T38"]
[Site "Internet Chess Club"]
[Date "2008.08.11"]
[Round "3"]
[White "political"]
[Black "mickeys"]
[Result "0-1"]
[WhiteElo "1804"]
[BlackElo "1883"]
[Opening "Levitsky attack (Queen's bishop attack)"]
[ECO "D00"]
[Time "19:00:14"]
[TimeControl "2700+45"]

1. d4 d5 2. Bg5 Nf6 3. Bxf6 exf6 4. Nd2 Bf5 5. e3 Nc6 6. a3 Bd6 7. c4 Be7 8.
Ngf3 O-O 9. Be2 dxc4 10. Bxc4 Be6 11. O-O f5 12. Rc1 Qd6 13. Nb3 Bxc4 14. Rxc4
Qd5 15. Qc2 Bd6 16. Nc5 Ne7 17. Rc1 a5 18. e4 fxe4 19. Nxe4 c6 20. Rc3 Rfe8 21.
Nxd6 Qxd6 22. Rd1 Nd5 23. Rcd3 f6 24. g3 Qd7 25. Qb3 Kh8 26. Nd2 Re6 27. Nb1
Rae8 28. Nc3 Re1+ 29. Kg2 Nxc3 30. bxc3 R1e2 31. c4 Qf5 32. Rf3 Qe6 33. d5 cxd5
34. cxd5 Qd7 35. Rc3 R2e5 36. d6 a4 37. Qb6 Rh5 38. Re3 Rxe3 39. Qxe3 Qh3+ 40.
Kg1 Qxh2+ 41. Kf1 Qh3+ 42. Ke1 Qd7 43. f4 Rh1+ 44. Ke2 Rh2+ 45. Kf3 h5 46. Re1
Qxd6 47. Qe8+ Kh7 48. Qe4+ Kh6 49. Qxa4 Qd3+ 50. Re3 Qd5+ 51. Qe4 Qd1+ 52. Re2
Qf1+ 53. Ke3 Rxe2+ {White resigns} 0-1

[Event "Team 45 45 League T38"]
[Site "Internet Chess Club"]
[Date "2008.08.08"]
[Round "3"]
[White "RedAttack"]
[Black "f5"]
[Result "1/2-1/2"]
[WhiteElo "2016"]
[BlackElo "2189"]
[Opening "Dutch: Leningrad, main variation"]
[ECO "A87"]
[Time "09:51:45"]
[TimeControl "2700+45"]

1. Nf3 f5 2. d4 Nf6 3. c4 g6 4. g3 Bg7 5. Bg2 d6 6. Nc3 O-O 7. O-O Qe8 8. Qb3
Kh8 9. Ng5 c6 10. d5 Na6 11. dxc6 bxc6 12. Be3 Ng4 13. Nb5 Nxe3 14. Qxe3 Qd7 15.
Nc3 Rb8 16. Rab1 h6 17. Nf3 g5 18. Nd4 f4 19. Qd2 Bb7 20. Nb3 Qe6 21. Na5 Ba8
22. Bxc6 Bxc6 23. Nxc6 Rb6 24. Nd4 Qxc4 25. Rfd1 Nc5 26. b3 Qf7 27. g4 e6 28.
Rbc1 Be5 29. Nf3 Bf6 30. Qc2 Kg7 31. Nd2 Rd8 32. Nce4 Nxe4 33. Nxe4 Be5 34. f3
Rd7 35. Qd2 d5 36. b4 Rc7 37. Rxc7 Qxc7 38. Rc1 Rc6 39. Rxc6 Qxc6 40. Nc5 Bf6
41. Qd3 Be7 42. Qd4+ Kf7 43. Nd3 Bf6 44. Qxa7+ Kg6 45. a4 Qc4 46. Qd7 Qd4+ 47.
Kg2 Qe3 48. Qe8+ Kg7 49. Kf1 Bd4 50. Qe7+ Kg6 51. Ke1 Bc3+ 52. Kf1 Bd4 53. Ke1
{Game drawn by mutual agreement} 1/2-1/2

[Event "Team 45 45 League T38"]
[Site "Internet Chess Club"]
[Date "2008.08.09"]
[Round "3"]
[White "Elddir"]
[Black "cesaralexander"]
[Result "1-0"]
[WhiteElo "2091"]
[BlackElo "1965"]
[Opening "Queen's bishop game"]
[ECO "D02"]
[Time "21:57:56"]
[TimeControl "2700+45"]

1. d4 Nf6 2. Nf3 d5 3. Bf4 e6 4. e3 c5 5. c3 Nc6 6. Bd3 Qb6 7. Qc1 Bd7 8. h3
cxd4 9. exd4 Rc8 10. O-O Nb4 11. Be2 Nc6 12. Nbd2 Be7 13. Bd3 Na5 14. Ne5 Bb5
15. Qb1 Bxd3 16. Nxd3 Nc4 17. Nxc4 Rxc4 18. Ne5 Rc8 19. Re1 O-O 20. Re2 Qb5 21.
Qe1 Rfe8 22. Kh1 Nd7 23. a4 Qa6 24. Nxd7 Bd8 25. Nc5 Qc6 26. b4 b6 27. b5 Qa8
28. Na6 Qb7 29. Nb4 Be7 30. Nc6 Bf8 31. Qd2 a5 32. Qd3 Qd7 33. Rae1 Kh8 34. Re5
f6 35. Rh5 g5 36. Bd2 Qf7 37. g4 Bd6 38. Qf3 Qg6 39. h4 h6 40. hxg5 fxg5 41.
Bxg5 Rf8 42. Qh3 Rxf2 43. Rxh6+ Qxh6 44. Qxh6+ Kg8 45. Qxe6+ {Black resigns} 1-0

[Event "Team 45 45 League T38"]
[Site "Internet Chess Club"]
[Date "2008.08.08"]
[Round "3"]
[White "shakkiipe"]
[Black "Intelectual"]
[Result "0-1"]
[WhiteElo "1747"]
[BlackElo "1915"]
[Opening "King's Indian: Larsen variation"]
[ECO "E90"]
[Time "10:05:07"]
[TimeControl "2700+45"]

1. d4 Nf6 2. c4 g6 3. Nc3 Bg7 4. e4 d6 5. Nf3 O-O 6. Be3 e5 7. d5 a5 8. c5 Na6
9. cxd6 cxd6 10. Bxa6 Rxa6 11. h3 Nh5 12. Rc1 Bd7 13. Qb3 Qb8 14. O-O b5 15. a3
Nf4 16. Qd1 b4 17. Nb1 Bb5 18. Bxf4 exf4 19. Re1 Bxb2 20. a4 Bd7 21. Qe2 Bxc1
22. Qxa6 Rc8 23. Qxa5 Rc2 24. e5 dxe5 25. Nxe5 Bf5 26. Nc6 Qd6 27. Qa8+ Kg7 28.
Re8 Bb2 29. Rd8 Qc5 30. Rg8+ Kh6 {White resigns} 0-1

[Event "Team 45 45 League T38"]
[Site "Internet Chess Club"]
[Date "2008.08.06"]
[Round "3"]
[White "frankd"]
[Black "avila"]
[Result "0-1"]
[WhiteElo "1712"]
[BlackElo "1734"]
[Opening "French: King's Indian attack"]
[ECO "C00"]
[Time "20:00:16"]
[TimeControl "2700+45"]

1. e4 e6 2. d3 d5 3. Nd2 Bb4 4. c3 Ba5 5. Ngf3 c5 6. g3 Nc6 7. Bg2 Nge7 8. O-O
O-O 9. Re1 d4 10. Nc4 dxc3 11. Nxa5 cxb2 12. Bxb2 Qxa5 13. a3 f6 14. e5 f5 15.
Rc1 b6 16. Qb3 h6 17. Rc4 Qa6 18. Ra4 Qb7 19. h4 b5 20. Rf4 Nd5 21. Bc1 Nxf4 22.
Bxf4 Rb8 23. h5 Qd7 24. Nh4 Ne7 25. Rc1 Bb7 26. Bh3 Bd5 27. Qd1 Rbc8 28. g4 fxg4
29. Qxg4 Nf5 30. Kh2 Nxh4 31. Qxh4 Qf7 32. Be3 c4 33. dxc4 Rxc4 34. Qg3 Rxc1 35.
Bxc1 Qxf2+ 36. Qxf2 Rxf2+ 37. Kg3 Rf3+ 38. Kg4 Rc3 39. Bb2 Rb3 40. Bd4 Rxa3 41.
Bf1 Ra4 {White resigns} 0-1

[Event "Team 45 45 League T38"]
[Site "Internet Chess Club"]
[Date "2008.08.09"]
[Round "3"]
[White "sakschess"]
[Black "clarinetref"]
[Result "0-1"]
[WhiteElo "1614"]
[BlackElo "1667"]
[Opening "Pirc: Holmov system"]
[ECO "B07"]
[Time "20:00:22"]
[TimeControl "2700+45"]

1. e4 d6 2. d4 Nf6 3. Bc4 g6 4. Nc3 Bg7 5. Nge2 O-O 6. Be3 Nxe4 7. Nxe4 d5 8.
Bxd5 Qxd5 9. N2c3 Qd8 10. Qd2 Bf5 11. f3 Re8 12. O-O-O Nc6 13. g4 Bxe4 14. fxe4
Qd7 15. g5 Rad8 16. e5 f6 17. gxf6 exf6 18. exf6 Bxf6 19. Ne2 Qe7 20. Nf4 Qxe3
21. Qxe3 Rxe3 22. c3 Bg5 23. Rhf1 Re4 24. h4 Bxf4+ 25. Kb1 Bg3 26. h5 Rde8 27.
hxg6 hxg6 28. Rg1 Re3 29. Kc2 Na5 30. Rg2 Re2+ 31. Rd2 Rxd2+ 32. Kxd2 Bf4+ 33.
Kd3 Re3+ 34. Kc2 g5 35. b4 Nc4 36. Kb3 b5 37. a4 a6 38. Rg1 Re2 {White resigns}
0-1